 Dungeon Crawl Stone Soup version 0.20-a0-809-gaf7f668 (console) character file.

36613 nht the Slicer (level 13, -10/82 (83) HPs)
             Began as a Vampire Assassin on Mar 2, 2017.
             Was the Champion of Okawaru.
             Mangled by a blink frog (17 damage)
             ... on level 6 of the Lair of Beasts.
             The game lasted 00:44:03 (13801 turns).

nht the Slicer (Vampire Assassin)                  Turns: 13801, Time: 00:44:03

HP:   -10/82 (83)   AC: 10    Str: 12    XL:     13   Next: 53%
MP:   15/22         EV: 27    Int: 17    God:    Okawaru [******]
Gold: 948           SH:  7    Dex: 17    Spells: 13/24 levels left

rFire    . . .     SeeInvis +   a - +5 short sword (elec)
rCold    + . .     Gourm    .   T - +2 robe "Lozeyfar" {rElec rC+ Int+2}
rNeg     . . .     Faith    +   S - +0 buckler
rPois    .         Spirit   .   h - +2 helmet
rElec    +         Reflect  .   U - +0 cloak
rCorr    .         Harm     .   m - +0 pair of gloves
MR       +....                  (no boots)
Stlth    ++++++....             Q - amulet of faith
Regen    0.5/turn               z - +4 ring of evasion
MPRegen  0.2/turn               u - +3 ring of evasion

@: heroism, regenerating quickly
A: fangs 3, see invisible, dopey 1, strong 1, unbreathing
a: Heroism, Finesse, Renounce Religion


You were on level 6 of the Lair of Beasts.
You worshipped Okawaru.
Okawaru was exalted by your worship.
You were very full.

You visited 3 branches of the dungeon, and saw 17 of its levels.

You collected 948 gold pieces.

Inventory:

Hand Weapons
 a - a +5 short sword of electrocution (weapon)
 b - a +0 blowgun
 d - a +3 short sword of draining
 V - a +1 rapier of electrocution
Missiles
 e - 50 poisoned needles
 f - 2 curare-tipped needles
 i - 4 tomahawks (quivered)
 x - a throwing net
 F - 3 needles of paralysis
 L - 2 javelins
Armour
 h - a +2 helmet (worn)
 m - a +0 pair of gloves (worn)
 K - the +1 robe "Guank" {rPois rC+ Dex-2}
   (You found it on level 5 of the Lair of Beasts)

   It affects your dexterity (-2).
   It protects you from cold.
   It protects you from poison.
 N - a +1 robe of magic resistance
 S - a +0 buckler (worn)
 T - the +2 robe "Lozeyfar" (worn) {rElec rC+ Int+2}
   (You found it on level 1 of the Lair of Beasts)

   It affects your intelligence (+2).
   It protects you from cold.
   It insulates you from electricity.
 U - a +0 cloak (worn)
Magical Staves
 y - an uncursed staff of fire
Jewellery
 u - a +3 ring of evasion (left hand)
 z - a +4 ring of evasion (right hand)
 Q - an amulet of faith (around neck)
 R - an uncursed ring of protection from fire
 Z - the ring "Weam" {*Slow rElec rPois rC++ SInv}
   (You found it on level 4 of the Lair of Beasts)

   [ring of see invisible]

   It greatly protects you from cold.
   It insulates you from electricity.
   It protects you from poison.
   It lets you see invisible.
   It may slow you when you take damage.
Wands
 v - a wand of paralysis (9/24)
 D - a wand of disintegration (18/24)
 M - a wand of lightning (9/15)
 P - a wand of polymorph (11/24)
Scrolls
 c - a scroll of fog
 n - 3 scrolls of recharging
 p - 7 scrolls of remove curse
 s - 3 scrolls of amnesia
 t - 4 scrolls of identify
 B - a scroll of blinking
 I - 2 scrolls of enchant armour
 O - 6 scrolls of teleportation
Potions
 g - 38 potions of blood
 j - 3 potions of heal wounds
 k - 3 potions of might
 l - 6 potions of curing
 o - 2 potions of mutation
 q - 4 potions of brilliance
 r - a potion of agility
 w - a potion of magic
 A - 2 potions of flight
 C - a potion of invisibility
 H - 2 potions of haste
 W - 4 potions of ambrosia
 X - a potion of cancellation
Books
 G - a book of Maledictions

   Spells                             Type                      Level
   a - Corona                         Hexes                        1
   b - Ensorcelled Hibernation        Hexes/Ice                    2
   c - Confuse                        Hexes                        3
   d - Tukima's Dance                 Hexes                        3
   e - Dazzling Spray                 Conjuration/Hexes            3


   Skills:
 - Level 1.8(6.8) Fighting
 - Level 14.3(19.3) Short Blades
 + Level 9.5(14.5) Throwing
 - Level 6.0(11.0) Dodging
 - Level 11.1(16.1) Stealth
 - Level 4.0(9.0) Shields
 - Level 6.0 Spellcasting
 - Level 13.0 Hexes
 - Level 5.6 Invocations


You had 13 spell levels left.
You knew the following spells:

 Your Spells              Type           Power        Failure   Level  Hunger
a - Ensorcelled Hibernat  Hex/Ice        ####..       1%          2    None
b - Confuse               Hex            #####...     1%          3    ##.....
c - Tukima's Dance        Hex            #####...     1%          3    ##.....
d - Dazzling Spray        Conj/Hex       ####..       2%          3    ##.....


Dungeon Overview and Level Annotations

Branches:
Dungeon (10/15)            Temple (1/1) D:6            Lair (6/6) D:10
 Shoals (0/4) Lair:3        Snake (0/4) Lair:4        Slime (0/5) Lair:5
    Orc: D:9-12

Altars:
Ashenzari
Cheibriados
Dithmenos
Elyvilon
Fedhas
Gozag
Hepliaklqana
Kikubaaqudgha
Makhleb
Nemelex Xobeh
Okawaru
Qazlal
Ru
Sif Muna
Trog
Uskayaw
Vehumet
Wu Jian
Xom
Yredelemnul
Zin
The Shining One
Jiyva

Annotations:
D:8 dig


Innate Abilities, Weirdness & Mutations

Your natural rate of healing is unusually fast.
You have razor-sharp teeth.
You have supernaturally acute eyesight. (SInv)
You can survive without breathing.
You are dopey. (Int -2)
Your muscles are strong. (Str +2)


Message History

You puncture the black mamba!
The black mamba is almost dead.
You miss the black mamba.
The black mamba is almost dead.
The black mamba completely misses you.
The blink frog blinks!
You hit the black mamba.
Lightning courses through the black mamba!
You kill the black mamba!
Okawaru accepts your kill.
Your hands slow down.
The death yak gores you!
* * * LOW HITPOINT WARNING * * *
The death yak gores you.
* * * LOW HITPOINT WARNING * * *
An elephant comes into view.
Unknown command.
The blink frog closely misses you.
You closely miss the blink frog. Your bite misses the blink frog.
The blink frog hits you!
You die...

......................
█.██P...................
██████..................
████....[..............P
.██.█...................
........................
..........................█
...........................
.........█..█..F@██P.....██
.........█.█.██Y█████.....██
.........███████...██....█.█
............█..Y..██......█
.%.......................██
.........................P█
.........................P█
...........$../..........P██
..................)........█


You could see a death yak and a blink frog.

Vanquished Creatures
  Gastronok (Lair:3)
  The ghost of Gorice the Cruncher, a journeyman HuGl of Wu Jian (Lair:4)
  3 hydras
  A catoblepas (D:10)
  2 two-headed ogres (D:8)
  4 death yaks (Lair:6)
  A fire crab (Lair:5)
  An unseen horror (D:10)
  A lindwurm (Lair:5)
  An oklob plant (Lair:1)
  A manticore (Lair:3)
  2 black mambas
  10 elephants
  13 spiny frogs
  A rime drake (Lair:4)
  6 komodo dragons
  A merfolk (D:9)
  16 blink frogs
  Prince Ribbit (D:7)
  5 dream sheep (Lair:6)
  3 hippogriffs
  18 yaks
  A wyvern (D:8)
  2 hungry ghosts (D:9)
  Menkaure (D:7)
  12 water moccasins
  9 porcupines
  An orc warrior (D:9)
  A necrophage (D:7)
  5 ogres
  8 wolves
  3 centaurs
  8 crocodiles
  A big kobold (D:9)
  12 bullfrogs
  3 scorpions
  20 killer bees
  5 howler monkeys
  3 electric eels (D:10)
  4 crimson imps
  A centaur zombie (D:9)
  6 hounds
  2 gnoll shamans
  A quasit (D:9)
  2 jellies (D:6)
  An orc priest (D:7)
  4 orc wizards
  A centaur skeleton (D:6)
  4 iguanas
  2 bullfrog skeletons
  6 worker ants
  10 gnolls
  A howler monkey skeleton (D:7)
  9 adders
  A shadow imp (D:9)
  3 adder skeletons
  A worm (D:3)
  6 leopard geckos
  18 orcs
  3 ball pythons
  4 bats
  4 giant cockroaches
  7 hobgoblins
  4 jackals (D:4)
  14 kobolds
  6 quokkas
  2 goblins
  2 leopard gecko skeletons (D:6)
  A leopard gecko zombie (D:8)
  6 rats
  A butterfly (D:6)
  A plant (Lair:1)
326 creatures vanquished.

Vanquished Creatures (collateral kills)
  A crocodile (Lair:2)
  A killer bee (D:10)
2 creatures vanquished.

Vanquished Creatures (others)
  4 yaks (Lair:2)
  A killer bee (D:10)
  6 fungi
  5 plants
16 creatures vanquished.

Grand Total: 344 creatures vanquished

Notes
Turn   | Place    | Note
-------+----------+-------------------------------------------
     0 | D:1      | nht the Vampire Assassin began the quest for the Orb.
     0 | D:1      | Reached XP level 1. HP: 16/16 MP: 1/1
   124 | D:1      | Reached skill level 3 in Short Blades
   124 | D:1      | Reached XP level 2. HP: 22/22 MP: 2/2
   507 | D:2      | Noticed an earth elemental
   509 | D:2      | Found a stormy altar of Qazlal.
   510 | D:2      | Noticed a water elemental
   510 | D:2      | Noticed a fire elemental
   510 | D:2      | Noticed an air elemental
  1251 | D:3      | Reached skill level 4 in Short Blades
  1251 | D:3      | Reached XP level 3. HP: 27/27 MP: 3/3
  1483 | D:3      | Reached XP level 4. HP: 27/33 MP: 4/4
  1647 | D:4      | Reached skill level 5 in Short Blades
  1783 | D:4      | Reached skill level 6 in Short Blades
  1783 | D:4      | Reached XP level 5. HP: 21/38 MP: 5/5
  2196 | D:4      | Noticed an ogre
  2251 | D:5      | Entered Level 5 of the Dungeon
  2289 | D:5      | Reached skill level 7 in Short Blades
  2289 | D:5      | Reached XP level 6. HP: 44/44 MP: 6/6
  2564 | D:4      | Reached skill level 8 in Short Blades
  2587 | D:4      | Gained mutation: You are dopey. (Int -2) [potion of mutation]
  2587 | D:4      | Gained mutation: Your muscles are strong. (Str +2) [potion of mutation]
  2605 | D:4      | Reached XP level 7. HP: 20/49 MP: 7/7
  3110 | D:5      | Reached skill level 9 in Short Blades
  3279 | D:6      | Found a staircase to the Ecumenical Temple.
  3281 | D:6      | Found a hazy altar of Hepliaklqana.
  3288 | Temple   | Entered the Ecumenical Temple
  3601 | D:6      | Reached skill level 10 in Short Blades
  3995 | D:7      | Reached XP level 8. HP: 50/55 MP: 8/8
  4022 | D:7      | Found a bloodstained altar of Trog.
  4234 | D:8      | Noticed a two-headed ogre
  4244 | D:8      | Killed a two-headed ogre
  4244 | D:8      | Reached skill level 12 in Short Blades
  4419 | D:8      | Reached XP level 9. HP: 61/61 MP: 9/9
  4555 | D:8      | Noticed a two-headed ogre
  4562 | D:8      | Killed a two-headed ogre
  4624 | D:8      | Learned a level 2 spell: Ensorcelled Hibernation
  4696 | D:8      | Found an iron altar of Okawaru.
  4698 | D:8      | Found an ancient bone altar of Kikubaaqudgha.
  4702 | D:8      | Became a worshipper of Warmaster Okawaru
  4705 | D:8      | Found a hazy altar of Hepliaklqana.
  4708 | D:8      | Found a snail-covered altar of Cheibriados.
  4835 | D:8      | Reached skill level 13 in Short Blades
  4837 | D:8      | Reached skill level 1 in Hexes
  5115 | D:8      | Learned a level 3 spell: Confuse
  5119 | D:8      | Learned a level 3 spell: Tukima's Dance
  5125 | D:7      | Noticed Menkaure
  5130 | D:7      | Killed Menkaure
  5250 | D:7      | Noticed Prince Ribbit
  5256 | D:7      | Found a shimmering altar of Xom.
  5294 | D:7      | You fall through a shaft for 3 floors!
  5294 | D:10     | Entered Level 10 of the Dungeon
  5547 | D:9      | Reached skill level 5 in Hexes
  5550 | D:9      | Reached * piety under Okawaru
  5714 | D:9      | Reached skill level 1 in Invocations
  5717 | D:9      | Reached XP level 10. HP: 67/67 MP: 10/10
  6034 | D:9      | Found a sparkling altar of Nemelex Xobeh.
  6105 | D:7      | Killed Prince Ribbit
  6105 | D:7      | Reached ** piety under Okawaru
  6307 | D:7      | Found a sparkling altar of Nemelex Xobeh.
  6309 | D:7      | Reached skill level 14 in Short Blades
  7050 | D:10     | Found a staircase to the Lair.
  7068 | D:10     | Noticed an unseen horror
  7070 | D:10     | Reached *** piety under Okawaru
  7073 | D:10     | Killed an unseen horror
  7073 | D:10     | Reached **** piety under Okawaru
  7109 | D:10     | Noticed a catoblepas
  7118 | D:10     | Killed a catoblepas
  7699 | Lair:1   | Entered Level 1 of the Lair of Beasts
  7821 | Lair:1   | Found an opulent altar of Gozag.
  7889 | Lair:1   | Got a shadowed robe
  7900 | Lair:1   | Identified the +2 robe "Lozeyfar" {rElec rC+ Int+2} (You found it on level 1 of the Lair of Beasts)
  7961 | Lair:1   | Noticed a spiny frog
  7968 | Lair:1   | Killed a spiny frog
  7968 | Lair:1   | Reached XP level 11. HP: 71/71 MP: 14/14
  8068 | Lair:1   | Reached ***** piety under Okawaru
  8068 | Lair:1   | Reached skill level 5 in Invocations
  8077 | Lair:1   | Reached skill level 10 in Stealth
  8077 | Lair:1   | Reached skill level 1 in Shields
  8077 | Lair:1   | Reached skill level 10 in Hexes
  8300 | Lair:1   | Noticed an oklob plant
  8324 | Lair:1   | Killed an oklob plant
  8324 | Lair:1   | Received a gift from Okawaru
  9238 | Lair:2   | Reached skill level 1 in Spellcasting
  9935 | Lair:3   | Found a staircase to the Shoals.
  9994 | Lair:3   | Reached ****** piety under Okawaru
 10014 | Lair:3   | Received a gift from Okawaru
 10364 | Lair:3   | Learned a level 3 spell: Dazzling Spray
 10375 | Lair:3   | Reached XP level 12. HP: 71/77 MP: 11/16
 10384 | Lair:3   | Reached skill level 5 in Dodging
 10468 | Lair:3   | Noticed Gastronok
 10485 | Lair:3   | Killed Gastronok
 10620 | Lair:3   | Received a gift from Okawaru
 10627 | Lair:3   | Got a sapphire-encrusted animal skin {god gift}
 10990 | Lair:3   | Identified the +1 animal skin of the Will of the Gods {rC+ Dex+2} (Okawaru gifted it to you on level 3 of the Lair of Beasts)
 11271 | Lair:4   | Found a staircase to the Snake Pit.
 11449 | Lair:4   | Got a glittering pewter ring
 11456 | Lair:4   | Identified the ring "Weam" {*Slow rElec rPois rC++ SInv} (You found it on level 4 of the Lair of Beasts)
 11615 | Lair:4   | Noticed Gorice's ghost (journeyman HuGl)
 11651 | Lair:4   | Killed Gorice's ghost
 11651 | Lair:4   | Reached skill level 5 in Spellcasting
 12057 | Lair:5   | Noticed a seven-headed hydra
 12349 | Lair:4   | Reached skill level 5 in Throwing
 12515 | Lair:5   | Found a viscous altar of Jiyva.
 12515 | Lair:5   | Found a staircase to the Slime Pits.
 12629 | Lair:5   | Got a brightly glowing robe
 12777 | Lair:5   | Reached XP level 13. HP: 30/82 MP: 14/22
 12855 | Lair:5   | Received a gift from Okawaru
 12906 | Lair:5   | Identified the +1 robe "Guank" {rPois rC+ Dex-2} (You found it on level 5 of the Lair of Beasts)
 13516 | Lair:6   | Entered Level 6 of the Lair of Beasts
 13528 | Lair:6   | Received a gift from Okawaru
 13740 | Lair:6   | Received a gift from Okawaru
 13801 | Lair:6   | Mangled by a blink frog

Vault maps used:
D:1:      elethiomel_arrival_infinity_welcomes_careful_drivers,
          minmay_misc_feat_secret_circle
D:2:      nicolae_qazlal_style_of_elements, serial_bayou_lake_a
D:5:      first_bread
D:6:      minmay_temple_entry_butterflies, basic_altar,
          minmay_misc_feat_four_crosses
D:7:      nicolae_overflow_crystal_walls, tgw_xom, amethyst_killhole, trog_book,
          uniq_prince_ribbit1, uniq_menkaure
D:8:      cheibrodos_quashed, minitemple
D:9:      hangedman_fish_farm, nemelex_lonely_heart_becter
D:10:     lair_entry_dummy, roderic_serpentine_path
Temple:   regret_index_temple_generic_petals
Lair:1:   basic_altar, minivault_23, serial_bayou_pond_e, fungi_pond_lemuel,
          minmay_lair_oklob_items
Lair:3:   minmay_shoals_entry_beasts, uniq_gastronok
Lair:4:   dummy_snake_entry
Lair:5:   slime_altar_1, grunt_megastairs_4, lemuel_fruit_tree
Lair:6:   due_jungle_book, serial_bayou_pond_b

Skill      XL: |  1  2  3  4  5  6  7  8  9 10 11 12 13 |
---------------+----------------------------------------+-----
Short Blades   | 3 4 6 7 8 10 12 13 14 | 14.3
Stealth        | 6 8 9 11 | 11.1
Hexes          | 6 9 11 13 | 13.0
Invocations    | 1 4 5 |  5.6
Dodging        | 4 6 |  6.0
Shields        | 4 |  4.0
Spellcasting   | 3 6 |  6.0
Throwing       | 6 9 |  9.5
Fighting       | |  1.8

Action                   |  1- 3 |  4- 6 |  7- 9 | 10-12 | 13-15 || total
-------------------------+-------+-------+-------+-------+-------++-------
Melee: Dagger            |    88 |     8 |       |       |       ||    96
       Bite              |     3 |     2 |    18 |    44 |     7 ||    74
       Rapier            |       |    55 |   182 |   221 |       ||   458
       Short sword       |       |       |       |   219 |   113 ||   332
Throw: Throwing net      |       |       |     2 |     3 |       ||     5
       Tomahawk          |       |       |       |       |     4 ||     4
 Cast: Ensorcelled Hiber |       |       |     7 |   165 |    38 ||   210
       Confuse           |       |       |       |     5 |       ||     5
       Dazzling Spray    |       |       |       |     5 |     3 ||     8
Invok: Heroism           |       |       |       |     5 |     1 ||     6
       Finesse           |       |       |       |       |     2 ||     2
 Abil: End Transformatio |       |     1 |       |       |       ||     1
       Bat Form          |       |     1 |       |       |       ||     1
Evoke: Wand              |       |       |     4 |    44 |       ||    48
  Use: Potion            |       |    17 |    17 |    29 |     7 ||    70
       Scroll            |       |     6 |     6 |    14 |     2 ||    28
 Stab: Sleeping          |    17 |     4 |    20 |    87 |    23 ||   151
       Distracted        |       |     1 |     1 |     2 |       ||     4
       Held in net/web   |       |       |     1 |     3 |       ||     4
       Paralysed         |       |       |     1 |     1 |       ||     2
       Confused          |       |       |       |     4 |       ||     4
  Eat: Corpse            |       |     1 |     2 |    10 |       ||    13
Armor: Robe              |    19 |     6 |    23 |    51 |     3 ||   102
       Skin              |       |       |       |    10 |       ||    10
Dodge: Dodged            |    40 |    29 |   151 |   324 |    50 ||   594
Block: Buckler           |       |       |       |    54 |    12 ||    66
